 Dungeon Crawl Stone Soup version 0.31-a0-175-g9f7f995f2b (webtiles) character file.

Game seed: 12622346443882234667

24 NotreDorf the Ducker (level 3, -1/26 HPs)
             Began as a Merfolk Hedge Wizard on June 17, 2023.
             Succumbed to a kobold's poison
             ... on level 2 of the Dungeon.
             The game lasted 00:03:13 (875 turns).

NotreDorf the Ducker (Merfolk Hedge Wizard)          Turns: 875, Time: 00:03:14

Health: -1/26      AC:  2    Str: 10    XL:     3   Next: 2%
Magic:  5/7        EV: 13    Int: 15    God:
Gold:   76         SH:  0    Dex: 13    Spells: 5/8 levels left

rFire   . . .        f - +0 long sword
rCold   . . .        (no shield)
rNeg    . . .        b - +0 robe
rPois   .            c - +0 hat
rElec   .            (no cloak)
rCorr   .            (no gloves)
SInv    .            (no boots)
Will    .....        (no amulet)
Stlth   ++           (no ring)
HPRegen 0.24/turn    (no ring)
MPRegen 0.10/turn

%: no passive effects
@: lethally poisoned (-1 -> -17), on blink cooldown
A: (nimble swimmer 2), mertail
a: no special abilities


You were on level 2 of the Dungeon.
You visited 1 branch of the dungeon, and saw 2 of its levels.

You collected 76 gold pieces.

Inventory:

Hand Weapons
 a - a +0 dagger
 f - a +0 long sword (weapon)
Armour
 b - a +0 robe (worn)
 c - a +0 hat (worn)
Scrolls
 e - a scroll of teleportation {unknown}
 g - a scroll of summoning {unknown}
 i - 2 scrolls of identify {unknown}
 j - a scroll of noise {unknown}
 k - a scroll of blinking {unknown}
Potions
 d - a potion of magic
 h - a potion of curing {unknown}


   Skills:
 + Level 1.2 Fighting
 + Level 3.2 Dodging
 - Level 2.1 Stealth
 + Level 3.2 Spellcasting
 + Level 1.2 Conjurations
 - Level 1.0 Summonings
 - Level 0.7 Translocations


You had 5 spell levels left.
You knew the following spells:

 Your Spells              Type           Power      Damage    Failure   Level
a - Magic Dart            Conj           24%        1d4       12%         1
b - Blink                 Tloc           8%         N/A       22%         2

Your spell library contained the following spells:

 Spells                   Type           Power      Damage    Failure   Level
 Slow                     Hex            8%         N/A       21%         1
 Call Imp                 Summ           10%        N/A       21%         2
 Cigotuvi's Dreadful Rot  Necr/Pois/Air  4%         N/A       30%         2
 Mephitic Cloud           Conj/Pois/Air  3%         N/A       45%         3


Dungeon Overview and Level Annotations

Branches:
Dungeon (2/15)

Altars:


Innate Abilities, Weirdness & Mutations

((You are very nimble when in or above water. (Stealth+, EV+, Speed+++)))
Your lower body shifts to a powerful aquatic tail in water.


Message History

The bat closely misses you.
You barely miss the bat. The bat closely misses you.
The jackal bites you but does no damage.
You barely miss the jackal.
The jackal bites you but does no damage.
The jackal misses you.
You slash the jackal!
You kill the jackal!
The jackal barely misses you.
You hit the jackal.
You kill the jackal!
The bat barely misses you. The bat closely misses you.
You barely miss the bat. The bat misses you. The bat barely misses you.
The bat completely misses you.
You slash the bat!
You kill the bat!
The jackal misses you.
You have reached level 3!
Your experience leads to an increase in your attributes!
Increase (S)trength, (I)ntelligence, or (D)exterity?
You feel clever. x2
You hit the jackal but do no damage.
The jackal bites you but does no damage.
The jackal barely misses you.
You completely miss the jackal. The jackal barely misses you. x2
You closely miss the jackal. The jackal bites you. x2
* * * LOW HITPOINT WARNING * * *
The worm misses you.
Casting: Magic Dart (safe; 12% risk of failure)
Confirm with . or Enter, or press ? or * to list all spells.
You blink.
You see here a bat corpse.
The jackal bites you but does no damage.
The kobold hits you but does no damage.
You are lethally poisoned!
The kobold attacks as you move away!
The kobold hits you with a +0 short sword of venom.
* * * LOW HITPOINT WARNING * * *
You are more poisoned.
You die...

#........
#....#.###.##
##.####.......
##....w..#
##.....####
##.......##
#..†K.....#
+...h.....+
#...@.....#
##.......##
##.....##
##...## ##+##


You could see a worm, a jackal and a kobold.

Vanquished Creatures
  2 dart slugs (D:1)
  2 ball pythons (D:1)
  6 bats
  2 goblins (D:1)
  A hobgoblin (D:1)
  2 jackals (D:2)
  A kobold (D:1)
  3 rats (D:1)
19 creatures vanquished.

Notes
Turn   | Place    | Note
-------+----------+-------------------------------------------
     0 | D:1      | NotreDorf the Merfolk Hedge Wizard began the quest for the
                  | Orb.
     0 | D:1      | Reached XP level 1. HP: 13/13 MP: 4/4
   216 | D:1      | Reached skill level 1 in Conjurations
   216 | D:1      | Reached XP level 2. HP: 20/20 MP: 0/6
   459 | D:1      | Reached skill level 1 in Fighting
   748 | D:1      | Found a faded altar of an unknown god.
   813 | D:1      | Learned a level 2 spell: Blink
   868 | D:2      | Reached XP level 3. HP: 10/26 MP: 7/7
   875 | D:2      | Succumbed to a kobold's poison

Illustrated notes

Levels and vault maps discovered:
D:1:      tarquinn_simple_flora_water_f, layout_rooms,
          dilly_ecumenical_altar_fadedgnrine, serial_corexii_hall,
          corexii_hall_statues_x, corexii_hall_statues_x, hangedman_decor_lopped
D:2:      layout_loops_corners

Skill      XL: |  1  2 |
---------------+-------+-----
Conjurations   | 1 |  1.2
Dodging        | 3 |  3.2
Fighting       | 1 |  1.2
Stealth        | |  2.1
Spellcasting   | |  3.2
Summonings     | |  1.0
Translocations | |  0.7

Action                     || total
---------------------------++-------
  Melee: Long sword        ||    36
   Cast: Magic Dart        ||    26
         Blink             ||     1
   Stab: Sleeping          ||     1
 Armour: Robe              ||    16
  Dodge: Dodged            ||    46

Table legend: (Time is in decaauts)
 A = Elapsed time spent in this place.
 B = Non-inter-level travel time spent in this place.
 C = Inter-level travel time spent in this place.
 D = Time resting spent in this place.
 E = Time spent auto-exploring this place.
 F = Levels seen in this place.
 G = Mean time per level.
                   A        B        C        D        E       F      G
               +--------+--------+--------+--------+--------+-----+--------+
         Total |    888 |    875 |     13 |      0 |    698 |   2 |  444.0 |
       Dungeon |    888 |    875 |     13 |      0 |    698 |   2 |  444.0 |
               +--------+--------+--------+--------+--------+-----+--------+

Top non-repeatable levels by time:
     D:1: 831 daAuts
     D:2: 56 daAuts
